 Dungeon Crawl Stone Soup version 0.25.1-2-g60ff931df9 (webtiles) character file.

Game seed: 2150729377753733210

34097 pepi55 the Nimble (level 13, -13/100 HPs)
             Began as a Gnoll Arcane Marksman on Nov 12, 2020.
             Was the Champion of Cheibriados.
             Mangled by an alligator snapping turtle (30 damage)
             ... on level 1 of the Shoals on Nov 13, 2020.
             The game lasted 02:45:27 (21815 turns).

pepi55 the Nimble (Gnoll Arcane Marksman)          Turns: 21815, Time: 02:45:29

Health: -13/100    AC: 22    Str: 31    XL:     13   Next: 75%
Magic:  0/34       EV: 19    Int: 39    God:    Cheibriados [******]
Gold:   599        SH:  8    Dex: 32    Spells: 4/29 levels left

rFire    + + .     SeeInvis .   b - +4 demon trident (elec)
rCold    + . .     Gourm    .   D - +0 buckler
rNeg     + + +     Faith    +   Q - +3 chain mail of Snakes and Ladders {rC+ rN++ MP+9 Stlth-}
rPois    +         Spirit   .   l - +2 helmet
rElec    .         Reflect  .   P - +0 cloak of Lugonu's Supremacy {rF+++ Str-2 Int+3 Stlth+}
rCorr    .         Harm     .   p - +1 pair of gloves
MR       .....                  M - +0 pair of boots
Stlth    ++........             F - amulet of faith
HPRegen  0.26/turn              u - ring "Juul" {rPois rF- rN++ Str+4 Int+3}
MPRegen  0.24/turn              n - ring of wizardry

@: very slow
A: distributed training, fangs 1, strong nose
a: Bend Time, Temporal Distortion, Slouch, Step From Time, Renounce Religion


You were on level 1 of the Shoals.
You worshipped Cheibriados.
Cheibriados was exalted by your worship.
You were not hungry.

You visited 3 branches of the dungeon, and saw 18 of its levels.

You collected 944 gold pieces.
You spent 345 gold pieces at shops.

Inventory:

Hand Weapons
 a - a +1 hunting sling of flaming
 b - a +4 demon trident of electrocution (weapon)
 d - a +3 flail of protection
Missiles
 t - 103 sling bullets
 N - 2 silver javelins
 U - 3 boomerangs (quivered)
Armour
 l - a +2 helmet (worn)
 p - a +1 pair of gloves (worn)
 y - +0 acid dragon scales
 D - a +0 buckler (worn)
 G - a +2 tower shield
 M - a +0 pair of boots (worn)
 P - the +0 cloak of Lugonu's Supremacy (worn) {rF+++ Str-2 Int+3 Stlth+}
   (You found it on level 1 of the Lair of Beasts)

   It affects your strength (-2).
   It affects your intelligence (+3).
   It renders you almost immune to fire.
   It makes you more stealthy.
 Q - the +3 chain mail of Snakes and Ladders (worn) {rC+ rN++ MP+9 Stlth-}
   (You found it on level 1 of the Lair of Beasts)

   It protects you from cold.
   It greatly protects you from negative energy.
   It affects your magic capacity (+9).
   It makes you less stealthy.
Magical Staves
 H - an uncursed staff of wizardry
 I - an uncursed staff of summoning
Jewellery
 j - an uncursed ring of protection from cold
 n - a ring of wizardry (right hand)
 r - an uncursed ring of flight
 u - the ring "Juul" (left hand) {rPois rF- rN++ Str+4 Int+3}
   (You found it on level 2 of the Lair of Beasts)

   [ring of poison resistance]

   It affects your strength (+4).
   It affects your intelligence (+3).
   It makes you vulnerable to fire.
   It protects you from poison.
   It greatly protects you from negative energy.
 v - an uncursed ring of resist corrosion
 B - an uncursed ring of stealth
 F - an amulet of faith (around neck)
Wands
 c - a wand of disintegration (13)
 A - a wand of polymorph (17)
 C - a wand of paralysis (16)
 R - a wand of enslavement (4)
Scrolls
 g - 11 scrolls of remove curse
 k - 3 scrolls of teleportation
 m - 3 scrolls of identify
 s - 4 scrolls of amnesia
 w - 2 scrolls of fog
 x - 4 scrolls of enchant weapon
 z - a scroll of silence
 L - 3 scrolls of magic mapping
Potions
 e - 3 potions of brilliance
 i - 12 potions of curing
 o - 3 potions of magic
 E - a potion of ambrosia
 J - a potion of stabbing
 K - 2 potions of flight
 O - a potion of resistance
 S - a potion of might
Comestibles
 f - 15 rations
 T - a chunk of flesh


   Skills:
 + Level 8.9 Fighting
 + Level 8.4 Short Blades
 + Level 8.4 Long Blades
 + Level 8.4 Axes
 + Level 8.4 Maces & Flails
 + Level 8.4 Polearms
 + Level 8.4 Staves
 + Level 8.4 Slings
 + Level 8.4 Bows
 + Level 9.6 Crossbows
 + Level 8.4 Throwing
 + Level 8.4 Armour
 + Level 9.6 Dodging
 + Level 8.4 Stealth
 + Level 8.4 Shields
 + Level 8.4 Unarmed Combat
 + Level 8.9 Spellcasting
 + Level 7.0 Conjurations
 + Level 9.0 Hexes
 + Level 7.0 Charms
 + Level 7.0 Summonings
 + Level 7.0 Necromancy
 + Level 7.0 Translocations
 + Level 7.0 Transmutations
 + Level 7.0 Fire Magic
 + Level 7.0 Ice Magic
 + Level 7.0 Air Magic
 + Level 7.0 Earth Magic
 + Level 7.0 Poison Magic
 + Level 9.2 Invocations
 + Level 8.4 Evocations


You had 4 spell levels left.
You knew the following spells:

 Your Spells              Type           Power        Failure   Level  Hunger
a - Slow                  Hex            ######..     1%          2    None
b - Inner Flame           Hex/Fire       ######..     1%          3    None
c - Cause Fear            Hex            ######....   1%          4    None
d - Blink                 Tloc           N/A          1%          2    None
e - Call Imp              Summ           ######..     1%          2    None
f - Gell's Gravitas       Tloc           ######....   1%          3    None
g - Iskenderun's Mystic   Conj/Tloc      ######..     1%          4    None
h - Bolt of Magma         Conj/Fire/Erth ######....   5%          5    ##.....

Your spell library contained the following spells:

 Spells                   Type           Power        Failure   Level  Hunger
 Corona                   Hex            ######.      1%          1    None
 Magic Dart               Conj           ####         1%          1    None
 Poisonous Vapours        Pois/Air       ######       1%          2    None
 Searing Ray              Conj           ######       1%          2    None
 Confusing Touch          Hex            ######..     1%          3    None
 Conjure Flame            Conj/Fire      ######..     1%          3    None
 Dazzling Flash           Conj/Hex       ######       1%          3    None
 Ignite Poison            Fire/Tmut/Pois ######..     1%          3    None
 Mephitic Cloud           Conj/Pois/Air  ######..     1%          3    None
 Portal Projectile        Hex/Tloc       ######       1%          3    None
 Fulminant Prism          Conj/Hex       ######....   1%          4    None
 Leda's Liquefaction      Hex/Erth       ######....   1%          4    None
 Petrify                  Tmut/Erth      ######..     1%          4    None
 Metabolic Englaciation   Hex/Ice        ######....   3%          5    ##.....
 Yara's Violent Unravell  Hex/Tmut       ######....   3%          5    ##.....
 Alistair's Intoxication  Tmut/Pois      ######..     5%          5    ##.....
 Chain Lightning          Conj/Air       ######....   100%        8    #######
 Controlled Blink         Tloc           N/A          100%        8    #######
 Lehudib's Crystal Spear  Conj/Erth      ######....   100%        8    #######
 Absolute Zero            Ice            ######....   100%        9    #######
 Dragon's Call            Summ           ######....   100%        9    #######
 Fire Storm               Conj/Fire      ######....   100%        9    #######


Dungeon Overview and Level Annotations

Branches:
Dungeon (12/15)            Temple (0/1) D:7            Lair (5/6) D:11
 Shoals (1/4) Lair:2        Snake (0/4) Lair:2        Slime (0/5) Lair:5
    Orc (0/2) D:11

Altars:
Ashenzari
Cheibriados
Dithmenos
Elyvilon
Gozag
Hepliaklqana
Kikubaaqudgha
Qazlal
Sif Muna
Uskayaw
Vehumet
Xom
Yredelemnul

Shops:
D:4 [   D:5 (   D:9 *


Innate Abilities, Weirdness & Mutations

Your experience applies equally to all skills.
You have very sharp teeth.
Your uncanny sense of smell can sniff out nearby items.


Message History

Casting: Gell's Gravitas (safe; 1% risk of failure)
Confirm with . or Enter, or press ? or * to list all spells.
You blink.
Found a stone staircase leading down.
Okay, then.
You are too injured to fight recklessly!
Casting: Blink (safe; 1% risk of failure)
Confirm with . or Enter, or press ? or * to list all spells.
Okay, then.
Throwing (i - inventory. (/) - cycle)
U - 3 boomerangs (quivered)
Press: ? - help, Shift-Dir - straight line, f/p - alligator snapping turtle
Aim: an alligator snapping turtle (lightly wounded, inner flame)
You throw a boomerang.
The boomerang hits the alligator snapping turtle.
Flame seeps out of the alligator snapping turtle.
The alligator snapping turtle is lightly wounded.
The alligator snapping turtle is engulfed in blazing flames.
Flame seeps out of the alligator snapping turtle.
The alligator snapping turtle bites you from afar!!
You die...

..>......≈ .........
........P..
.............PP
.......≈.......#
.....≈≈≈...♣...# .(#
≈≈≈≈≈≈≈≈.......# ..#
..≈P≈≈≈≈≈.♣.8.♣@# ...
PP≈≈≈≈≈≈≈.......#... P
..PPPP≈≈≈...♣..t#'### ≈≈≈
PP..≈≈≈≈≈.....mm....♣.≈≈≈P
..≈.P≈≈..######(.....♣
.P≈.≈≈≈≈≈#...†§○%S####
≈..P.≈≈≈≈#...)#○†#.S..
....≈≈..≈#....#..# .
≈...P≈≈...#:...#♣.# ≈≈


You could see an alligator snapping turtle (inner flame), 2 merfolk impalers and
a sea snake.

Vanquished Creatures
  2 merfolk impalers (Shoals:1)
  A hydra (Lair:4)
  A queen ant (Lair:2)
  Urug (D:11)
  4 oklob plants (Lair:2)
  6 fauns (Shoals:1)
  2 manticores (Shoals:1)
  A black mamba (Lair:4)
  6 elephants (Lair:5)
  2 water nymphs (Shoals:1)
  Psyche (D:10)
  6 spiny frogs
  A kobold demonologist (D:11)
  3 komodo dragons
  A polar bear (Lair:4)
  2 trolls (D:10)
  A merfolk (Shoals:1)
  A wind drake (Shoals:1)
  8 hippogriffs
  2 snapping turtles
  3 blink frogs (Lair:1)
  13 dream sheep (Lair:4)
  Sigmund (D:3)
  2 wyverns
  A vampire (D:9)
  2 wraiths
  15 yaks
  A basilisk (Lair:2)
  A hungry ghost (D:11)
  2 vampire mosquitoes (Lair:1)
  6 soldier ants (Lair:2)
  An insubstantial wisp (Lair:1)
  An acid dragon (D:11)
  7 water moccasins
  8 porcupines
  8 orc warriors
  5 ice beasts
  5 phantoms
  A sky beast (D:6)
  2 black bears
  3 wolves (Lair:4)
  7 ogres
  3 centaurs
  6 crocodiles
  Blork the orc (D:6)
  6 big kobolds
  2 gnoll sergeants
  11 bullfrogs
  A wyvern zombie (D:6)
  A water moccasin zombie (D:11)
  3 scorpions
  5 killer bees (D:11)
  6 wights
  3 electric eels
  3 howler monkeys
  5 crimson imps
  7 human zombies (D:8)
  2 bullfrog zombies
  A centaur zombie (D:11)
  8 jellies
  A bullfrog skeleton (D:6)
  6 orc priests
  2 centaur skeletons (D:9)
  5 hounds
  10 orc wizards
  6 hell rats (Lair:4)
  Terence (D:3)
  8 iguanas
  33 worker ants
  A hound skeleton (D:6)
  2 mummies (D:8)
  Robin (D:4)
  7 gnolls
  22 adders
  6 shadow imps
  7 oozes
  3 adder skeletons
  8 dart slugs
  4 worms
  6 leopard geckos
  48 orcs
  8 giant cockroaches
  8 hobgoblins
  7 jackals
  23 kobolds
  7 quokkas
  6 bats
  3 frilled lizards
  15 goblins
  6 rats
  A bush (Lair:5)
  4 fungi
  2 plants (Lair:4)
498 creatures vanquished.

Vanquished Creatures (others)
  3 fungi
  12 plants
15 creatures vanquished.

Grand Total: 513 creatures vanquished

Notes
Turn   | Place    | Note
-------+----------+-------------------------------------------
     0 | D:1      | pepi55 the Gnoll Arcane Marksman began the quest for the
                  | Orb.
     0 | D:1      | Reached XP level 1. HP: 17/17 MP: 4/4
   218 | D:1      | Reached XP level 2. HP: 23/23 MP: 5/5
   505 | D:1      | Reached XP level 3. HP: 28/28 MP: 7/7
   684 | D:2      | Reached skill level 1 in Invocations
   795 | D:2      | Reached skill level 1 in Short Blades
   795 | D:2      | Reached skill level 1 in Long Blades
   795 | D:2      | Reached skill level 1 in Axes
   795 | D:2      | Reached skill level 1 in Maces & Flails
   795 | D:2      | Reached skill level 1 in Polearms
   795 | D:2      | Reached skill level 1 in Staves
   795 | D:2      | Reached skill level 1 in Slings
   795 | D:2      | Reached skill level 1 in Bows
   795 | D:2      | Reached skill level 1 in Throwing
   795 | D:2      | Reached skill level 1 in Armour
   795 | D:2      | Reached skill level 1 in Stealth
   795 | D:2      | Reached skill level 1 in Shields
   795 | D:2      | Reached skill level 1 in Unarmed Combat
   795 | D:2      | Reached skill level 1 in Evocations
   857 | D:2      | Reached XP level 4. HP: 34/34 MP: 8/8
   953 | D:2      | Found a stormy altar of Qazlal.
  1070 | D:2      | Noticed an ice beast
  1101 | D:2      | Killed an ice beast
  1101 | D:2      | Reached skill level 1 in Conjurations
  1101 | D:2      | Reached skill level 1 in Charms
  1101 | D:2      | Reached skill level 1 in Summonings
  1101 | D:2      | Reached skill level 1 in Necromancy
  1101 | D:2      | Reached skill level 1 in Translocations
  1101 | D:2      | Reached skill level 1 in Transmutations
  1101 | D:2      | Reached skill level 1 in Fire Magic
  1101 | D:2      | Reached skill level 1 in Ice Magic
  1101 | D:2      | Reached skill level 1 in Air Magic
  1101 | D:2      | Reached skill level 1 in Earth Magic
  1101 | D:2      | Reached skill level 1 in Poison Magic
  1101 | D:2      | Reached XP level 5. HP: 41/41 MP: 9/9
  1854 | D:3      | Reached XP level 6. HP: 42/47 MP: 10/10
  2000 | D:3      | Found a shattered altar of Ashenzari.
  2356 | D:3      | Noticed Terence
  2360 | D:3      | Killed Terence
  2360 | D:3      | Reached skill level 5 in Crossbows
  2360 | D:3      | Reached skill level 5 in Dodging
  2703 | D:3      | Noticed Sigmund
  2713 | D:3      | Killed Sigmund
  2713 | D:3      | Reached XP level 7. HP: 52/52 MP: 12/12
  2766 | D:3      | Found an opulent altar of Gozag.
  2828 | D:4      | Noticed Robin
  2835 | D:4      | Killed Robin
  3319 | D:4      | Found Ycloi's Antique Armour Shoppe.
  3389 | D:4      | Found a snail-covered altar of Cheibriados.
  3413 | D:4      | Became a worshipper of Cheibriados the Contemplative
  3617 | D:4      | Found a shimmering blue altar of Sif Muna.
  4134 | D:5      | Entered Level 5 of the Dungeon
  4142 | D:5      | Learned a level 2 spell: Slow
  4146 | D:5      | Learned a level 3 spell: Inner Flame
  4151 | D:5      | Learned a level 4 spell: Cause Fear
  4165 | D:5      | Learned a level 2 spell: Blink
  4168 | D:5      | Learned a level 2 spell: Call Imp
  4357 | D:5      | Reached XP level 8. HP: 51/60 MP: 14/14
  4536 | D:5      | Reached * piety under Cheibriados
  4999 | D:5      | Found Pulustef's Antique Weapon Shop.
  5001 | D:5      | Found a hide-covered altar of Uskayaw.
  5340 | D:5      | Found a shimmering blue altar of Sif Muna.
  5565 | D:5      | Found a radiant altar of Vehumet.
  6109 | D:6      | Found a hazy altar of Hepliaklqana.
  6384 | D:6      | Reached XP level 9. HP: 66/66 MP: 9/16
  6472 | D:6      | Noticed Blork the orc
  6477 | D:6      | Killed Blork the orc
  6616 | D:6      | Found a shadowy altar of Dithmenos.
  7098 | D:7      | Reached skill level 5 in Spellcasting
  7134 | D:7      | Reached ** piety under Cheibriados
  7302 | D:7      | Found an ancient bone altar of Kikubaaqudgha.
  7357 | D:7      | Found a staircase to the Ecumenical Temple.
  7409 | D:7      | Reached skill level 5 in Fighting
  8195 | D:8      | Reached skill level 5 in Invocations
  8199 | D:8      | Reached *** piety under Cheibriados
  8434 | D:8      | Reached XP level 10. HP: 61/74 MP: 14/18
  8630 | D:8      | Found a basalt altar of Yredelemnul.
  9399 | D:9      | Found a white marble altar of Elyvilon.
  9436 | D:9      | Found a shimmering altar of Xom.
  9450 | D:9      | Reached skill level 5 in Short Blades
  9450 | D:9      | Reached skill level 5 in Long Blades
  9450 | D:9      | Reached skill level 5 in Axes
  9450 | D:9      | Reached skill level 5 in Maces & Flails
  9450 | D:9      | Reached skill level 5 in Polearms
  9450 | D:9      | Reached skill level 5 in Staves
  9450 | D:9      | Reached skill level 5 in Slings
  9450 | D:9      | Reached skill level 5 in Bows
  9450 | D:9      | Reached skill level 5 in Throwing
  9450 | D:9      | Reached skill level 5 in Armour
  9450 | D:9      | Reached skill level 5 in Stealth
  9450 | D:9      | Reached skill level 5 in Shields
  9450 | D:9      | Reached skill level 5 in Unarmed Combat
  9450 | D:9      | Reached skill level 5 in Evocations
  9482 | D:9      | Found a shimmering altar of Xom.
  9483 | D:9      | Found a shimmering altar of Xom.
  9483 | D:9      | Found a shimmering altar of Xom.
  9574 | D:9      | Found Giadeb's Assorted Antiques.
  9628 | D:9      | Reached **** piety under Cheibriados
  9632 | D:9      | Bought a sparkling book for 345 gold pieces
  9636 | D:9      | Learned a level 3 spell: Gell's Gravitas
 10444 | D:9      | Learned a level 4 spell: Iskenderun's Mystic Blast
 10894 | D:10     | Entered Level 10 of the Dungeon
 11341 | D:10     | Noticed Psyche
 11893 | D:10     | Reached ***** piety under Cheibriados
 11940 | D:10     | Killed Psyche
 11940 | D:10     | Reached XP level 11. HP: 82/82 MP: 16/20
 12167 | D:11     | Found a staircase to the Lair.
 12545 | D:11     | Reached skill level 5 in Conjurations
 12545 | D:11     | Reached skill level 5 in Charms
 12545 | D:11     | Reached skill level 5 in Summonings
 12545 | D:11     | Reached skill level 5 in Necromancy
 12545 | D:11     | Reached skill level 5 in Translocations
 12545 | D:11     | Reached skill level 5 in Transmutations
 12545 | D:11     | Reached skill level 5 in Fire Magic
 12545 | D:11     | Reached skill level 5 in Ice Magic
 12545 | D:11     | Reached skill level 5 in Air Magic
 12545 | D:11     | Reached skill level 5 in Earth Magic
 12545 | D:11     | Reached skill level 5 in Poison Magic
 13180 | D:11     | Found a staircase to the Orcish Mines.
 13428 | D:11     | Reached ****** piety under Cheibriados
 13615 | D:11     | Noticed Urug
 13623 | D:11     | Killed Urug
 13950 | Lair:1   | Entered Level 1 of the Lair of Beasts
 14081 | Lair:1   | Got a faintly glowing cloak
 14087 | Lair:1   | Identified the +0 cloak of Lugonu's Supremacy {rF+++ Str-2
                  | Int+3 Stlth+} (You found it on level 1 of the Lair of
                  | Beasts)
 14480 | Lair:1   | Got a shimmering chain mail
 14491 | Lair:1   | Identified the +3 chain mail of Snakes and Ladders {rC+
                  | rN++ MP+9 Stlth-} (You found it on level 1 of the Lair of
                  | Beasts)
 14930 | Lair:2   | Reached XP level 12. HP: 91/91 MP: 2/23
 15189 | Lair:2   | Noticed a queen ant
 15459 | Lair:2   | Killed a queen ant
 16182 | Lair:2   | Found a staircase to the Snake Pit.
 16608 | Lair:2   | Got a pitted brass ring
 16611 | Lair:2   | Identified the ring "Juul" {rPois rF- rN++ Str+4 Int+3}
                  | (You found it on level 2 of the Lair of Beasts)
 16762 | Lair:2   | Found a staircase to the Shoals.
 17425 | Lair:3   | Found a stormy altar of Qazlal.
 18971 | Lair:4   | Noticed a six-headed hydra
 19007 | Lair:4   | Killed a six-headed hydra
 19007 | Lair:4   | Reached XP level 13. HP: 90/98 MP: 19/25
 19835 | Lair:5   | Found a staircase to the Slime Pits.
 20831 | Lair:5   | Identified the Collected Works on Blistering Envenoming
 21077 | Shoals:1 | Entered Level 1 of the Shoals
 21084 | Shoals:1 | Learned a level 5 spell: Bolt of Magma
 21303 | Shoals:1 | Noticed a merfolk impaler
 21344 | Shoals:1 | Killed a merfolk impaler
 21697 | Shoals:1 | Got a distressingly furry scale mail
 21698 | Shoals:1 | Identified the +1 scale mail of the Storm King {Harm rCorr}
                  | (You found it on level 1 of the Shoals)
 21784 | Shoals:1 | Noticed a merfolk impaler
 21803 | Shoals:1 | Killed a merfolk impaler
 21806 | Shoals:1 | Noticed a merfolk impaler
 21806 | Shoals:1 | Noticed a merfolk impaler
 21810 | Shoals:1 | HP: 2/100 [merfolk impaler/+1 trident of protection (13)]
 21815 | Shoals:1 | Mangled by an alligator snapping turtle

Illustrated notes

Levels and vault maps discovered:
D:1:      noname_arrival_rooms_in_the_neighbourhood, layout_basic
D:2:      layout_loops_cross, nicolae_qazlal_eye_of_the_storm
D:3:      layout_loops_cross, cheibrodos_ashenzari_chains, marbit_many_paths,
          first_ration, minmay_misc_feat_four_crosses, skrybe_limestone_x,
          uniq_terence, uniq_sigmund
D:4:      layout_loops_ring, lemuel_round_altar, nicolae_overflow_crystal_walls,
          serial_shops, nicolae_shop_behind_doors, wad_floor_pattern_untrapped,
          uniq_robin
D:5:      layout_loops_ring, eat_drink_and_be_merry_uskayaw,
          fiery_altar_vehumet, serial_shops, shop, tgw_sif
D:6:      layout_loops_cross, lemuel_doored_altar, overflow_temple_1_default,
          uniq_blork_the_orc
D:7:      layout_rooms, kiku_gazebo_pond_becter, minmay_temple_entry_hall,
          hex_large
D:8:      layout_gridville, lemuel_mausoleum_altar_yredelemnul,
          hangedman_little_slice_of_home
D:9:      minmay_the_grid_octo_2x2 [minmay_the_grid_octo_concentric,
          minmay_the_grid_octo_vomiting_pacman,
          minmay_the_grid_octo_checkerflower,
          minmay_the_grid_octo_prize_ultimate_mussel_roller],
          layout_irregular_city, xom_redecorated, kennysheep_mini_moat,
          serial_shops, shop, corexii_hall_statues_i
D:10:     layout_small_grid, hangedman_decor_slide_cut, hangedman_decor_points,
          uniq_psyche
D:11:     layout_irregular_city, lair_entry_dummy, david_orc_2, serial_glass,
          glass_columns_b, glass_columns_b, uniq_urug
D:12:     layout_irregular_city, minmay_guarded_unrand_variability, uniq_frances
Lair:1:   layout_loops_ring, pond, grunt_megastairs_5
Lair:2:   dpeg_oklob_gauntlet, layout_long_grid, minmay_shoals_entry_hut,
          dummy_snake_entry, zaba_antful_of_joy
Lair:3:   layout_chaotic_city, basic_altar, minmay_stone_trees_medium,
          grunt_megastairs_4, lemuel_fruit_fields, infiniplex_staircase_pool,
          serial_bayou_shore_b
Lair:4:   layout_loops_ring, st_stairs_10
Lair:5:   layout_big_grid, nicolae_slime_entry_slimehenge, minivault_23
Shoals:1: cheibrodos_shoals_epimethial_gifts, layout_shoals

Skill      XL: |  1  2  3  4  5  6  7  8  9 10 11 12 13 |
---------------+----------------------------------------+-----
Invocations    | 1 2 3 4 5 6 7 8 9 |  9.2
Short Blades   | 1 2 3 4 5 6 7 8 |  8.4
Long Blades    | 1 2 3 4 5 6 7 8 |  8.4
Axes           | 1 2 3 4 5 6 7 8 |  8.4
Maces & Flails | 1 2 3 4 5 6 7 8 |  8.4
Polearms       | 1 2 3 4 5 6 7 8 |  8.4
Staves         | 1 2 3 4 5 6 7 8 |  8.4
Slings         | 1 2 3 4 5 6 7 8 |  8.4
Bows           | 1 2 3 4 5 6 7 8 |  8.4
Throwing       | 1 2 3 4 5 6 7 8 |  8.4
Armour         | 1 2 3 4 5 6 7 8 |  8.4
Stealth        | 1 2 3 4 5 6 7 8 |  8.4
Shields        | 1 2 3 4 5 6 7 8 |  8.4
Unarmed Combat | 1 2 3 4 5 6 7 8 |  8.4
Evocations     | 1 2 3 4 5 6 7 8 |  8.4
Spellcasting   | 3 4 5 6 7 8 |  8.9
Fighting       | 3 4 5 6 7 8 |  8.9
Conjurations   | 1 2 3 4 5 6 7 |  7.0
Charms         | 1 2 3 4 5 6 7 |  7.0
Summonings     | 1 2 3 4 5 6 7 |  7.0
Necromancy     | 1 2 3 4 5 6 7 |  7.0
Translocations | 1 2 3 4 5 6 7 |  7.0
Transmutations | 1 2 3 4 5 6 7 |  7.0
Fire Magic     | 1 2 3 4 5 6 7 |  7.0
Ice Magic      | 1 2 3 4 5 6 7 |  7.0
Air Magic      | 1 2 3 4 5 6 7 |  7.0
Earth Magic    | 1 2 3 4 5 6 7 |  7.0
Poison Magic   | 1 2 3 4 5 6 7 |  7.0
Crossbows      | 5 6 7 8 9 |  9.6
Dodging        | 5 6 7 8 9 |  9.6
Hexes          | 6 7 8 9 |  9.0

Action                   |  1- 3 |  4- 6 |  7- 9 | 10-12 | 13-15 || total
-------------------------+-------+-------+-------+-------+-------++-------
Melee: Short sword       |       |    52 |    87 |       |       ||   139
       Bite              |       |     6 |    27 |    55 |     7 ||    95
       Punch             |       |     1 |     1 |     1 |       ||     3
       Spear             |       |       |    44 |       |       ||    44
       Flail             |       |       |    69 |   140 |       ||   209
       Demon trident     |       |       |       |   140 |    64 ||   204
       Staff             |       |       |       |     2 |       ||     2
 Fire: Hand crossbow     |    72 |   127 |    23 |       |       ||   222
       Hunting sling     |       |       |    59 |   160 |   101 ||   320
Throw: Boomerang         |       |       |   181 |   260 |     1 ||   442
       Javelin           |       |       |       |    32 |       ||    32
 Cast: Inner Flame       |       |       |    31 |    70 |    15 ||   116
       Blink             |       |       |    15 |    28 |     4 ||    47
       Cause Fear        |       |       |     2 |       |       ||     2
       Call Imp          |       |       |     1 |     1 |       ||     2
       Gell's Gravitas   |       |       |       |    94 |    29 ||   123
       Iskenderun's Myst |       |       |       |     3 |       ||     3
Invok: Slouch            |       |       |       |     1 |     2 ||     3
 Abil: Evoke Flight      |       |       |       |       |     1 ||     1
Evoke: Wand              |       |       |       |     1 |       ||     1
  Use: Scroll            |     6 |       |     7 |    16 |     3 ||    32
       Potion            |     2 |     5 |     2 |     3 |     2 ||    14
 Stab: Sleeping          |       |       |     1 |       |       ||     1
       Distracted        |       |       |       |       |     1 ||     1
  Eat: Chunk             |       |     2 |     4 |     2 |     2 ||    10
       Ration            |       |     1 |     3 |     4 |     1 ||     9
Armor: Robe              |     1 |     7 |       |       |       ||     8
       Leather armour    |       |    11 |    62 |     5 |       ||    78
       Ring mail         |       |       |       |    36 |       ||    36
       Acid dragon scale |       |       |       |    15 |       ||    15
       Chain mail        |       |       |       |    23 |    23 ||    46
Dodge: Dodged            |    13 |    77 |   194 |   227 |    58 ||   569
Block: Buckler           |       |       |       |   101 |    26 ||   127
